 Dungeon Crawl Stone Soup version 0.24.0-123-gd5b16e6ec5 (webtiles) character file.

Game seed: 12807103733060373437, levelgen mode: deterministic

194 Curus the Spear-Bearer (level 5, -2/38 HPs)
             Began as a Merfolk Gladiator on Dec 27, 2019.
             Was an Initiate of Okawaru.
             Killed from afar by an orc wizard (10 damage)
             ... with a magic dart
             ... on level 4 of the Dungeon.
             The game lasted 00:09:54 (2909 turns).

Curus the Spear-Bearer (Merfolk Gladiator)          Turns: 2909, Time: 00:09:55

Health: -2/38      AC:  4    Str: 16      XL:     5   Next: 73%
Magic:  5/5        EV: 14    Int:  5 (7)  God:    Okawaru [......]
Gold:   185        SH:  0    Dex: 16 (17) Spells: 4/4 levels left

rFire    . . .     SeeInvis .   i - +0 spear (vamp)
rCold    . . .     Gourm    .   (no shield)
rNeg     . . .     Faith    .   b - +0 leather armour
rPois    .         Spirit   .   c - +0 helmet
rElec    .         Reflect  .   (no cloak)
rCorr    .         Harm     .   (no gloves)
MR       .....                  (no boots)
Stlth    +.........             (no amulet)
HPRegen  0.12/turn              m - +2 ring of strength
MPRegen  0.09/turn              (no ring)

@: no status effects
A: change form in water, swift swim, stealthy swim
a: Renounce Religion


You were on level 4 of the Dungeon.
You worshipped Okawaru.
Okawaru was noncommittal.
You were near starving.

You visited 1 branch of the dungeon, and saw 4 of its levels.

You collected 185 gold pieces.

Inventory:

Hand Weapons
 a - a +0 trident
 i - a +0 vampiric spear (weapon)
Missiles
 d - 3 throwing nets (quivered)
Armour
 b - a +0 leather armour (worn)
 c - a +0 helmet (worn)
Jewellery
 m - a +2 ring of strength (left hand)
Scrolls
 e - 2 scrolls of teleportation
 g - 2 scrolls of amnesia
 h - 5 scrolls of identify
 j - 2 scrolls of blinking
 l - a scroll of remove curse
Potions
 k - 3 potions of heal wounds
Comestibles
 f - 4 rations


   Skills:
 - Level 2.1 Fighting
 + Level 9.0 Polearms
 - Level 2.0 Throwing
 - Level 4.0 Dodging


You had 4 spell levels left.
You didn't know any spells.
Your spell library was empty.

Dungeon Overview and Level Annotations

Branches:
Dungeon (4/15)
 Temple: D:4-7

Altars:
Ashenzari
Dithmenos
Okawaru

Shops:
D:4 %

Annotations:
D:4 Grinder


Message History

The orc barely misses you.
You hit the worker ant but do no damage.
Something hits you but does no damage. The worker ant misses you.
You hit the worker ant but do no damage.
The orc hits you but does no damage. Something barely misses you.
The worker ant misses you.
You hit something. You closely miss something. Something hits you.
The orc closely misses you. The worker ant closely misses you.
You hit something. The worker ant bites you. Something hits you.
* * * LOW HITPOINT WARNING * * *
You completely miss something.
The orc hits you from afar with a +0 trident.
* * * LOW HITPOINT WARNING * * *
The worker ant closely misses you.
You closely miss something.
You hear some strange, mumbled words.
A magic dart appears from out of thin air!
The magic dart hits you!
You die...

. .. . #. . #.
.#.## #.#####.#..#
# #..#.....#... #
## #..@a....... #.
...# #.{)........
#.
.....##o..........
#. #..))..........
...
####........!..
.#(. #...........
. ... #...<.......
.###
...............
######.........


You could see a worker ant and an orc.

Vanquished Creatures
  An orc priest (D:3)
  Jessica (D:2)
  2 adders (D:3)
  2 oozes (D:2)
  3 worms
  4 dart slugs
  4 leopard geckos
  9 orcs
  8 bats
  2 giant cockroaches (D:2)
  8 goblins
  10 hobgoblins
  6 jackals
  A quokka (D:2)
  A ball python (D:1)
  5 frilled lizards
  6 kobolds
  A quokka skeleton (D:4)
  8 rats
82 creatures vanquished.

Notes
Turn   | Place    | Note
-------+----------+-------------------------------------------
     0 | D:1      | Curus the Merfolk Gladiator began the quest for the Orb.
     0 | D:1      | Reached XP level 1. HP: 16/16 MP: 1/1
    71 | D:1      | Reached skill level 5 in Polearms
    77 | D:1      | Reached XP level 2. HP: 16/22 MP: 2/2
   309 | D:1      | Reached skill level 6 in Polearms
   309 | D:1      | Reached XP level 3. HP: 20/27 MP: 3/3
   783 | D:2      | Found an iron altar of Okawaru.
   796 | D:2      | Became a worshipper of Warmaster Okawaru
  1061 | D:2      | Reached XP level 4. HP: 33/33 MP: 4/4
  1224 | D:2      | Reached skill level 7 in Polearms
  1549 | D:2      | Noticed Jessica
  1554 | D:2      | Killed Jessica
  1581 | D:3      | Found a shadowy altar of Dithmenos.
  1664 | D:3      | Reached skill level 8 in Polearms
  1690 | D:3      | Reached XP level 5. HP: 38/38 MP: 5/5
  2054 | D:3      | Found a shattered altar of Ashenzari.
  2587 | D:4      | Noticed Grinder
  2597 | D:4      | Found Toseol's Food Shoppe.
  2621 | D:4      | Paralysed by Grinder for 4 turns
  2881 | D:4      | Reached skill level 9 in Polearms
  2909 | D:4      | Killed from afar by an orc wizard

Levels and vault maps discovered:
D:1:      dpeg_arrival_short_road, layout_basic, st_stairs_5
D:2:      layout_basic, okawaru_ov_weapons_minmay, first_ration,
          serial_co_window_serial, co_window_corner_a,
          co_window_of_opportunity_a, co_window_corner_a,
          co_window_of_opportunity_a, co_window_corner_a, co_window_corner_b,
          co_window_of_opportunity_c, co_window_cross_4, co_window_broadway_c,
          co_window_of_opportunity_c, co_window_of_opportunity_b,
          glass_columns_a, glass_columns_b, glass_columns_a, uniq_jessica
D:3:      layout_loops_ring, nicolae_dithmenos_shadow_blocks,
          nicolae_ashenzari_panopticon
D:4:      layout_rooms, serial_shops, nicolae_shop_statue_plus,
          lemuel_flame_loot_1, uniq_ijyb, uniq_grinder

Skill      XL: |  1  2  3  4  5 |
---------------+----------------+-----
Polearms       | 5 6 8 9 |  9.0
Fighting       | |  2.1
Throwing       | |  2.0
Dodging        | |  4.0

Action                   |  1- 3 |  4- 6 || total
-------------------------+-------+-------++-------
Melee: Trident           |   107 |    35 ||   142
       Spear             |       |   180 ||   180
  Use: Scroll            |     7 |     3 ||    10
       Potion            |     3 |     2 ||     5
 Stab: Sleeping          |     5 |       ||     5
  Eat: Chunk             |     1 |     4 ||     5
Armor: Leather armour    |    16 |    32 ||    48
Dodge: Dodged            |    55 |    91 ||   146
